Map: Oxide LE

Players

Benduu - Winner!

  • Race: Zerg Zerg
  • League: Platinum
  • Spawn Location: 1:00

Massa

  • Race: Terran Terran
  • League: Platinum
  • Spawn Location: 7:00

VOD

Have the link to the VOD?

Description

Time

  • Played on: Nov. 2, 2020, 8:51 a.m.
  • Length: 13:25
Show
View Real Time Build Order
Export as new Build Order

Benduu Zerg - Winner!

Build Orders: Hatch First, Roach Hydra 

Get SALT Encoding   

  12  0:01  Drone  
  14  0:14  Drone  
  14  0:31  Extractor  
  14  0:32  Drone  
  14  0:33  Overlord  
  14  0:36  Extractor  
  14  0:37  Drone  
  16  0:51  Hatchery  
  16  0:56  Drone  
  16  0:58  Drone  
  17  1:17  Drone  
  17  1:18  Spawning Pool  
  17  1:19  Drone  
  18  1:30  Extractor  
  18  1:31  Drone  
  18  1:43  Drone  
  19  1:54  Drone  
  20  1:58  Overlord  
  20  2:07  Drone  
  21  2:19  Queen  
  21  2:20  Queen  
  21  2:21  Zergling x6  
  28  2:42  Drone x4  
  32  2:44  Metabolic Boost  
  32  2:54  Drone x2  
  34  2:59  Queen  
  34  3:02  Overlord  
  34  3:03  Overlord  
  36  3:21  Roach Warren  
  36  3:22  Extractor  
  36  3:25  Hatchery  
  33  3:45  Drone x5  
  33  3:46  Drone x5  
  43  3:51  Lair  
  43  4:02  Pneumatized Carapace  
  43  4:10  Drone x5  
  48  4:17  Overlord  
  48  4:20  Spore Crawler  
  48  4:22  Evolution Chamber  
  46  4:25  Drone, Spore Crawler  
  46  4:31  Drone  
  47  4:32  Overlord  
  47  4:40  Drone x2  
  49  4:50  Drone x5  
  49  4:51  Drone  
  55  4:52  Glial Reconstitution  
  55  4:54  Zerg Missile Weapons Level 1  
  55  5:05  Roach  
  55  5:06  Spore Crawler, Roach x2  
  60  5:08  Spore Crawler  
  59  5:18  Hydralisk Den  
  59  5:19  Drone x9  
  67  5:25  Baneling Nest  
  67  5:26  Extractor x2  
  64  5:32  Drone x4  
  62  6:19  Hydralisk x2  
  62  6:22  Overlord x3  
  62  6:25  Spore Crawler  
  65  6:26  Spine Crawler  
  65  6:29  Extractor  
  65  6:30  Extractor  
  62  6:34  Grooved Spines  
  62  6:35  Drone x4  
  66  6:45  Zergling x22  
  77  6:49  Hatchery  
  77  6:53  Zerg Missile Weapons Level 2  
  76  6:58  Hydralisk x4  
  84  7:04  Baneling x3  
  84  7:18  Baneling  
  84  7:19  Baneling x3  
  79  7:45  Muscular Augments  
  79  7:51  Hydralisk x10  
  70  7:54  Zergling x2  
  90  8:03  Drone x5  
  90  8:04  Drone  
  90  8:05  Overlord x3  
  95  8:22  Lurker Den  
  95  8:24  Evolution Chamber  
  93  8:28  Zergling x14  
  100  8:37  Roach  
  100  8:38  Roach x6  
  114  8:49  Drone x3  
  114  8:51  Drone, Infestation Pit  
  114  8:52  Drone x2  
  114  8:53  Overlord  
  119  9:00  Baneling x2  
  119  9:09  Zerg Ground Armor Level 1  
  119  9:27  Baneling x3  
  119  9:29  Ravager x5  
  119  9:30  Ravager x2  
  88  10:05  Roach x15  
  88  10:06  Roach x11  
  113  10:16  Zergling x2  
  113  10:17  Zergling x4  
  116  10:22  Extractor  
  116  10:25  Extractor  
  108  10:36  Hydralisk x8  
  108  10:41  Zergling x2  
  108  10:42  Zergling x6  
  128  10:46  Zerg Melee Weapons Level 1  
  124  10:57  Zergling x10  
  126  11:12  Overseer x2  
  125  11:21  Baneling  
  125  11:22  Baneling x4  
  125  11:24  Overlord x5  
  125  11:25  Overlord  
  85  11:49  Roach x13  
  85  11:54  Baneling x4  
  107  11:57  Ravager  
  106  12:08  Ravager  
  105  12:15  Roach  
  105  12:16  Roach x8  
  121  12:30  Drone x6  
  118  13:21  Ravager  
  118  13:23  Ravager  
Show
View Real Time Build Order
Export as new Build Order

Massa Terran 

Build Orders: Gas First Reaper Expand 

Get SALT Encoding   

  12  0:00  SCV  
  13  0:12  SCV  
  14  0:20  Supply Depot  
  14  0:24  SCV  
  15  0:32  Refinery  
  15  0:42  Barracks  
  15  0:44  SCV  
  16  0:56  SCV  
  17  1:08  SCV  
  18  1:20  SCV  
  19  1:33  Orbital Command  
  19  1:35  Reaper  
  20  1:48  Command Center  
  20  1:59  SCV  
  21  2:10  Supply Depot  
  21  2:15  Marine  
  22  2:22  Factory  
  22  2:29  SCV  
  23  2:41  SCV  
  24  2:48  Barracks Reactor  
  24  2:54  Barracks  
  24  3:01  Orbital Command, Barracks  
  24  3:03  SCV  
  25  3:07  Hellion  
  27  3:14  Starport  
  27  3:15  SCV  
  27  3:19  Supply Depot  
  28  3:24  Marine x2  
  30  3:28  SCV, Hellion  
  30  3:30  SCV  
  34  3:48  Barracks Tech Lab  
  34  3:49  Barracks Reactor  
  34  3:53  Medivac  
  34  3:55  Refinery  
  36  3:59  Engineering Bay  
  36  4:02  Marine x2  
  38  4:05  Hellion  
  38  4:09  SCV x2  
  42  4:13  Refinery  
  41  4:19  Supply Depot  
  41  4:21  SCV x2  
  43  4:26  Hellion  
  43  4:30  Marine x2  
  43  4:31  Marine x2  
  49  4:33  SCV x2, Stimpack  
  51  4:45  SCV x2  
  53  4:57  SCV  
  53  4:58  SCV  
  55  5:09  Marine x2  
  57  5:19  SCV x2, Supply Depot  
  59  5:24  Factory Tech Lab  
  59  5:25  Command Center  
  59  5:27  Missile Turret  
  59  5:28  Missile Turret  
  59  5:31  SCV x2, Missile Turret  
  61  5:35  Missile Turret  
  61  5:43  SCV  
  61  5:48  Missile Turret  
  61  5:49  Missile Turret  
  62  5:52  Missile Turret  
  62  5:53  Marine x2  
  62  5:55  Marauder  
  66  5:58  Siege Tank  
  66  6:03  Refinery  
  69  6:13  SCV, Combat Shield  
  69  6:14  Supply Depot  
  69  6:16  Supply Depot  
  70  6:22  Starport Tech Lab  
  70  6:35  SCV, Marine x4  
  70  6:36  Marauder  
  70  6:38  Missile Turret  
  77  6:53  Marine  
  78  6:57  Marauder  
  78  7:00  SCV x2  
  82  7:02  Orbital Command  
  82  7:12  SCV x2  
  84  7:19  Marauder  
  86  7:24  SCV x2  
  88  7:36  SCV x3  
  86  7:47  Marauder, Marine x4  
  86  7:48  SCV x2  
  86  7:49  SCV  
  86  7:50  Siege Tank  
  93  8:00  SCV x2  
  93  8:05  Marine x2  
  97  8:08  Marauder  
  98  8:13  Banshee  
  101  8:23  Supply Depot  
  101  8:25  Supply Depot x2  
  101  8:26  Armory, Terran Infantry Weapons Level 1, Supply Depot x2  
  101  8:27  Concussive Shells, Supply Depot  
  101  8:34  Supply Depot  
  101  8:39  Supply Depot  
  101  8:41  Supply Depot  
  101  8:42  Missile Turret  
  101  8:45  Marauder, Marine x4  
  101  8:46  Siege Tank, Supply Depot  
  110  8:49  Supply Depot  
  110  8:53  Supply Depot  
  110  8:54  Supply Depot  
  110  8:56  Banshee  
  113  9:03  Marine x4  
  113  9:04  Command Center  
  113  9:06  Barracks  
  113  9:07  Barracks, Marauder  
  119  9:16  Sensor Tower  
  119  9:19  Siege Tank  
  119  9:20  Marine, Sensor Tower  
  119  9:21  Drilling Claws  
  123  9:28  Marauder  
  119  9:40  Medivac  
  117  9:49  Marauder  
  101  10:02  Marine  
  101  10:03  Marine x3  
  92  10:10  Medivac  
  92  10:11  Marauder  
  93  10:17  Barracks Tech Lab  
  93  10:20  Barracks Reactor, Marine x4  
  95  10:32  Marauder  
  92  10:38  Marine  
  92  10:40  Medivac  
  93  10:54  Marauder  
  76  11:04  Siege Tank  
  76  11:10  Banshee, Orbital Command  
  80  11:12  Marauder  
  80  11:13  Marine x3  
  80  11:14  Orbital Command  
  80  11:15  Marauder  
  80  11:33  Marauder  
  80  11:36  Marauder, Siege Tank  
  68  11:53  Banshee  
  64  11:55  Marauder  
  64  11:56  Marine x2  
  64  11:58  Marauder, Marine x2  
  54  12:14  Marine  
  42  12:16  Marauder, Marine x2, Siege Tank  
  42  12:20  Marine  
  36  12:33  Marine  
  36  12:34  Marine  
  19  12:38  Marauder, Marine  
  18  12:51  Marine  
  18  12:52  Marine  
  18  12:56  Marine  
  18  12:57  SCV  
  19  12:59  Marauder  
  18  13:09  SCV  
Tags
 
Add a new tag
Caveats
  • Supply blocks, unpowered buildings, or Contaminate may cause inaccurate times.
  • Supply counts are checked every 10 seconds.